AoeStats
← NDF

Arabia

503285084Analyzed
2v2 RM · 1mo ago on Aug 31, 2026· 105m 58s· 4 players
Game mode
Random Map
Map size
Medium (4 player)
Population
200
Speed
Normal
Resources
Standard
Victory
Conquest
Starting age
Dark Age
Ending age
Imperial Age
RankedLock teamsTeams togetherTeam positionsShared explorationLock speedFull tech treeHidden civsTurbo modeCheats
Victory
Defeat
🇵🇪 Spanish · Peru
795
+11
🇵🇪 Poles · Peru
714
+15
🇦🇷 Teutons · Argentina
687
-13
🇦🇷 Spanish · Argentina
686
-13
NDF
2:23 Loom
13:34 Feudal Age
15:45 Man-at-Arms
16:41 Horse Collar
21:35 Double-Bit Axe
24:59 Castle Age
23:30 Padded Archer Armor
23:21 Fletching
30:36 Gold Mining
30:37 Stone Mining
31:30 Forging
31:21 Scale Mail Armor
31:28 Scale Barding Armor
51:10 Bow Saw
51:03 Heavy Plow
57:08 Wheelbarrow
56:18 Town Watch
60:39 Masonry
60:20 Heated Shot
60:51 Ballistics
62:38 Hand Cart
62:00 Elite Skirmisher
63:37 Bodkin Arrow
63:58 Leather Archer Armor
65:54 Town Patrol
69:01 Imperial Age
66:54 Siphons
68:12 Stone Shaft Mining
68:20 Fortified Wall
70:26 Elite Teutonic Knight
71:42 Hoardings
73:46 Ironclad
72:57 Sappers
75:04 Capped Ram
78:33 Two-Man Saw
80:58 Squires
96:30 Bloodlines
estebanpa
11:15 Feudal Age
9:31 Loom
12:19 Double-Bit Axe
12:18 Horse Collar
12:21 Man-at-Arms
13:59 Scale Mail Armor
15:54 Forging
21:30 Castle Age
20:28 Gold Mining
20:34 Stone Mining
21:10 Scale Barding Armor
23:01 Bow Saw
23:46 Heavy Plow
24:10 Chain Mail Armor
24:31 Iron Casting
24:18 Chain Barding Armor
24:49 Stone Shaft Mining
28:49 Imperial Age
30:38 Gambesons
30:14 Long Swordsman
32:17 Blast Furnace
31:38 Chain Barding Armor
31:49 Plate Mail Armor
33:32 Two-Man Saw
33:23 Capped Ram
33:40 Two-Handed Swordsman
34:27 Squires
33:48 Pikeman
39:32 Elite Conquistador
41:01 Halberdier
45:21 Plate Barding Armor
45:58 Husbandry
45:21 Cavalier
49:13 Paladin
52:44 Bloodlines
55:58 Light Cavalry
56:41 Onager
62:42 Hussar
64:55 Ballistics
TE LA ENTIERRO
8:01 Loom
10:47 Feudal Age
20:40 Castle Age
24:28 Fletching
36:07 Imperial Age
46:20 Chemistry
50:21 Wheelbarrow
49:40 Gold Mining
49:38 Double-Bit Axe
55:15 Husbandry
55:02 Cavalier
55:54 Scale Barding Armor
55:59 Forging
57:09 Chain Barding Armor
56:28 Paladin
58:11 Iron Casting
59:57 Plate Barding Armor
60:13 Horse Collar
62:58 Blast Furnace
el ronpe culos
11:50 Feudal Age
12:25 Double-Bit Axe
27:13 Castle Age
31:55 Elite Skirmisher
35:45 Imperial Age
36:18 Pikeman
37:07 Man-at-Arms
50:37 Wheelbarrow
51:48 Gold Mining
53:29 Bow Saw
60:29 Squires
65:36 Hand Cart
66:36 Horse Collar
68:15 Chemistry
105:10 Heavy Plow
Connection lost

Rejoining the realm…

Still unreachable

The connection could not be restored.

Session expired

The server has moved on; the page needs a fresh start.